 Dungeon Crawl Stone Soup version 0.25.1-8-g42b30a86e7 (webtiles) character file.

Game seed: 14131937762691600618

63289 DearestLeader the Gelid (level 15, -3/92 HPs)
             Began as a Gargoyle Ice Elementalist on Dec 9, 2020.
             Was the Champion of Vehumet.
             Slain by an orc warrior
             ... wielding a +3 flail of draining
              (12 damage)
             ... on level 1 of the Orcish Mines on Dec 10, 2020.
             The game lasted 01:08:19 (25742 turns).

DearestLeader the Gelid (GrIE)                     Turns: 25742, Time: 01:08:19

Health: -3/92      AC: 17    Str: 12    XL:     15   Next: 9%
Magic:  5/29       EV: 15    Int: 28    God:    Vehumet [******]
Gold:   1153       SH:  0    Dex: 10    Spells: 20/35 levels left

rFire    + . .     SeeInvis .   I - staff of conjuration
rCold    + + .     Gourm    .   (no shield)
rNeg     + . .     Faith    .   O - +2 robe {MR+}
rPois    ∞         Spirit   .   (no helmet)
rElec    +         Reflect  .   v - scarf {rC+ rF+}
rCorr    .         Harm     .   r - +0 pair of gloves
MR       ++...                  m - +0 pair of boots
Stlth    ++........             K - amulet of magic regeneration
HPRegen  0.25/turn              k - +6 ring of intelligence
MPRegen  0.46/turn              w - ring of protection from cold

@: frozen ramparts, flying, very slightly contaminated
A: big wings, negative energy resistance 1, electricity resistance, unbreathing,
petrification resistance, rot immunity, AC +11
a: Stop Flying, Renounce Religion


You were on level 1 of the Orcish Mines.
You worshipped Vehumet.
Vehumet was exalted by your worship.
You were not hungry.

You visited 4 branches of the dungeon, and saw 19 of its levels.

You collected 1267 gold pieces.
You spent 114 gold pieces at shops.

Inventory:

Hand Weapons
 F - a +2 hunting sling of freezing
Missiles
 e - 7 silver javelins (quivered)
 G - 35 sling bullets
Armour
 m - a +0 pair of boots (worn)
 r - a +0 pair of gloves (worn)
 v - a scarf of resistance (worn)
 B - a +0 cloak
 O - a +2 robe of magic resistance (worn)
Magical Staves
 z - an uncursed staff of poison
 I - an uncursed staff of conjuration (weapon)
Jewellery
 k - a +6 ring of intelligence (left hand)
 w - a ring of protection from cold (right hand)
 K - an amulet of magic regeneration (around neck)
Wands
 p - a wand of clouds (4)
 t - a wand of polymorph (13)
 x - a wand of acid (14)
 H - a wand of paralysis (22)
 L - a wand of iceblast (9)
 P - a wand of digging (7)
 R - a wand of enslavement (12)
 X - a wand of flame (38)
Scrolls
 g - 8 scrolls of remove curse
 i - 3 scrolls of immolation
 j - 7 scrolls of teleportation
 l - 7 scrolls of magic mapping
 o - 4 scrolls of fear
 q - 5 scrolls of amnesia
 s - a scroll of silence {unknown}
 y - 4 scrolls of enchant weapon
 A - 2 scrolls of blinking
 J - 6 scrolls of fog
 Q - a scroll of summoning
 T - 2 scrolls of identify
 U - a scroll of torment
Potions
 a - 2 potions of invisibility
 b - 2 potions of might
 d - 3 potions of curing
 f - 3 potions of lignification
 h - 3 potions of mutation
 n - 3 potions of resistance
 u - 2 potions of berserk rage
 C - a potion of flight
 D - a potion of stabbing
 E - a potion of brilliance
 M - a potion of degeneration {unknown}
 N - a potion of ambrosia
 S - a potion of magic {unknown}
 V - a potion of haste {unknown}
Comestibles
 c - 23 rations


   Skills:
 - Level 10.0 Fighting
 + Level 7.6 Dodging
 - Level 2.1 Stealth
 + Level 10.7 Spellcasting
 * Level 12.4 Conjurations
 - Level 4.0 Summonings
 + Level 15.7 Ice Magic


You had 20 spell levels left.
You knew the following spells:

 Your Spells              Type           Power        Failure   Level  Hunger
a - Freeze                Ice            ####         0%          1    None
b - Frozen Ramparts       Ice            ######       0%          3    None
c - Hailstorm             Conj/Ice       #######.     1%          4    None
d - Summon Ice Beast      Ice/Summ       ######..     1%          4    None
e - Mephitic Cloud        Conj/Pois/Air  ######..     1%          3    None

Your spell library contained the following spells:

 Spells                   Type           Power        Failure   Level  Hunger
 Spellforged Servitor     Conj/Summ      #######...   26%         7    ######.
 Ozocubu's Armour         Chrm/Ice       ######..     1%          3    None
 Fireball                 Conj/Fire      ######....   2%          5    ###....
 Beastly Appendage        Tmut           ###...       3%          1    None
 Bolt of Magma            Conj/Fire/Erth ######....   5%          5    ###....
 Spider Form              Tmut/Pois      ###.......   11%         3    None
 Statue Form              Tmut/Erth      Unusable     N/A         6    N/A

Dungeon Overview and Level Annotations

Branches:
Dungeon (10/15)            Temple (1/1) D:4            Lair (6/6) D:10
  Swamp (0/4) Lair:3        Snake (0/4) Lair:4        Slime (0/5) Lair:5
    Orc (2/2) D:9
    Elf: Orc:2

Altars:
Dithmenos
Elyvilon
Fedhas
Gozag
Hepliaklqana
Kikubaaqudgha
Nemelex Xobeh
Okawaru
Qazlal
Ru
Sif Muna
Trog
Uskayaw
Vehumet
Wu Jian
Yredelemnul
Zin
Beogh
Jiyva

Shops:
D:5 (   D:10 [

Annotations:
Lair:2 2 transporters, destino's ghost, journeyman OpMo
Lair:3 exclusion: oklob plant
Lair:5 1 runed translucent door
Lair:6 1 runed translucent door, Erymatos's ghost, journeyman MiBe
Orc:1 2 transporters


Innate Abilities, Weirdness & Mutations

You are resistant to torment.
Your stone body is resilient. (AC +11)
You are immune to poison.
Your large and strong wings let you fly indefinitely.
You resist negative energy. (rN+)
You are resistant to electric shocks. (rElec)
You can survive without breathing.
You are immune to petrification.
You are immune to rotting.


Message History

Confirm with . or Enter, or press ? or * to list all spells.
Okay, then.
The wall freezes the orc!
You kill the orc!
Vehumet accepts your kill.
You feel your power returning.
The orc warrior hits you with a +3 flail of draining!
* * * LOW HITPOINT WARNING * * *
The orc misses you. The orc completely misses you.
The frozen ramparts melt away.
Casting: Summon Ice Beast (mildly dangerous; 1% risk of failure)
Confirm with . or Enter, or press ? or * to list all spells.
You don't know that spell.
Casting: Summon Ice Beast (mildly dangerous; 1% risk of failure)
Confirm with . or Enter, or press ? or * to list all spells.
The walls around you are covered in ice.
The wall freezes the ogre.
The wall freezes the orc warrior.
The orc warrior hits you with a +3 flail of draining!
You die...

#....#.....$#.....
#......#........##.
##.....o..........#
##.##...)...........
#.T...)#....>.......
##T##.##............
##O##...............
#.oo................
##..@............#..
###..##............
#.#......^...$...
.................
#.#...... ##.......
. #..#. . ..#


You could see a troll, an orc warrior, an ogre and an orc.

Vanquished Creatures
  2 dire elephants (Lair:6)
  6 hydras
  An ogre mage (Orc:2)
  11 two-headed ogres
  5 death yaks (Lair:2)
  Erica (Lair:1)
  A queen ant (Lair:2)
  A lindwurm (Lair:5)
  2 manticores (Lair:3)
  9 elephants
  4 black mambas
  6 komodo dragons
  17 spiny frogs
  A rime drake (Lair:3)
  A troll (D:9)
  A queen bee (Lair:3)
  7 hippogriffs
  18 blink frogs
  49 yaks
  Sigmund (D:4)
  2 wyverns
  2 hogs (D:7)
  A human (D:7)
  A hungry ghost (D:8)
  2 basilisks
  5 wargs
  8 soldier ants (Lair:2)
  8 porcupines
  21 water moccasins
  2 ice beasts
  2 sky beasts
  13 orc warriors
  A phantom (D:4)
  10 ogres
  A necrophage (D:9)
  2 centaurs (D:8)
  19 wolves
  13 crocodiles
  5 big kobolds (D:9)
  5 gnoll sergeants
  13 bullfrogs
  A scorpion (D:4)
  34 killer bees
  3 vampire bats (D:8)
  A howler monkey (D:4)
  5 crimson imps
  8 hounds
  A centaur skeleton (D:8)
  6 orc priests
  3 jellies
  2 gnoll shamans
  6 iguanas
  14 orc wizards
  27 worker ants
  2 hound skeletons
  2 hound zombies
  23 gnolls
  13 adders
  3 shadow imps
  2 oozes
  An adder zombie (D:7)
  2 worms (D:2)
  8 dart slugs
  4 leopard geckos
  55 orcs
  3 bat skeletons (D:8)
  10 giant cockroaches
  7 goblins
  3 hobgoblins
  22 jackals
  11 kobolds
  5 quokkas
  2 ball pythons
  9 bats
  2 frilled lizards (D:1)
  A quokka zombie (D:9)
  8 rats
  4 plants (Lair:6)
593 creatures vanquished.

Vanquished Creatures (collateral kills)
  A dire elephant (Lair:6)
  2 hydras
  A two-headed ogre (Orc:2)
  An anaconda (Lair:6)
  An ogre mage (Orc:2)
  Sonja (Lair:4)
  3 elephants (Lair:6)
  A black mamba (Lair:6)
  A spiny frog (Lair:4)
  2 rime drakes
  3 blink frogs (Lair:6)
  2 hippogriffs
  5 dream sheep (Lair:6)
  A hog (D:7)
  2 yaks
  A porcupine (Lair:4)
  A water moccasin (Lair:4)
  2 orc warriors (Orc:2)
  An ogre (Orc:2)
  2 crocodiles (Lair:6)
  A bullfrog (D:9)
  2 orc wizards
  A shadow imp (D:9)
  7 orcs
  2 bat zombies (D:8)
  A fungus (Lair:6)
48 creatures vanquished.

Vanquished Creatures (others)
  A bush (Lair:6)
  19 fungi
  30 plants
50 creatures vanquished.

Grand Total: 691 creatures vanquished

Notes
Turn   | Place    | Note
-------+----------+-------------------------------------------
     0 | D:1      | DearestLeader the Gargoyle Ice Elementalist began the quest
                  | for the Orb.
     0 | D:1      | Reached XP level 1. HP: 10/10 MP: 3/3
   336 | D:1      | Reached XP level 2. HP: 15/15 MP: 1/5
   623 | D:1      | Reached XP level 3. HP: 14/19 MP: 0/6
   747 | D:1      | Reached skill level 5 in Ice Magic
  1511 | D:2      | Learned a level 3 spell: Frozen Ramparts
  1592 | D:2      | Reached XP level 4. HP: 18/24 MP: 5/7
  1967 | D:2      | Found a bloodstained altar of Trog.
  2554 | D:3      | Reached skill level 6 in Ice Magic
  2554 | D:3      | Reached XP level 5. HP: 8/28 MP: 5/8
  3296 | D:3      | Learned a level 4 spell: Hailstorm
  3378 | D:3      | Reached skill level 7 in Ice Magic
  3378 | D:3      | Reached XP level 6. HP: 32/32 MP: 5/9
  3908 | D:4      | Found an iron altar of Okawaru.
  3980 | D:4      | Noticed Sigmund
  4003 | D:4      | Killed Sigmund
  4003 | D:4      | Reached skill level 8 in Ice Magic
  4003 | D:4      | Reached XP level 7. HP: 36/36 MP: 5/12
  4751 | D:4      | Reached XP level 8. HP: 41/41 MP: 10/14
  4808 | D:4      | Found a staircase to the Ecumenical Temple.
  4814 | Temple   | Entered the Ecumenical Temple
  4873 | Temple   | Became a worshipper of Vehumet
  5222 | D:4      | Found a blossoming altar of Fedhas.
  5222 | D:4      | Found a hide-covered altar of Uskayaw.
  5294 | D:5      | Entered Level 5 of the Dungeon
  5672 | D:5      | Reached skill level 9 in Ice Magic
  5749 | D:5      | HP: 1/41 [ice beast (3)]
  6090 | D:5      | Found a hazy altar of Hepliaklqana.
  6207 | D:5      | Found Pycsappy's Antique Weapon Emporium.
  7051 | D:6      | Reached skill level 1 in Fighting
  7156 | D:6      | Reached * piety under Vehumet
  7156 | D:6      | Offered knowledge of Magic Dart by Vehumet.
  7159 | D:6      | Reached skill level 5 in Spellcasting
  7326 | D:6      | Reached skill level 10 in Ice Magic
  7400 | D:6      | Reached XP level 9. HP: 32/49 MP: 12/16
  7561 | D:6      | Learned a level 4 spell: Summon Ice Beast
  8380 | D:7      | Reached skill level 1 in Conjurations
  8380 | D:7      | Reached skill level 1 in Summonings
  8382 | D:7      | Offered knowledge of Foxfire by Vehumet.
  8385 | D:7      | Reached ** piety under Vehumet
  8631 | D:7      | Reached skill level 11 in Ice Magic
  9165 | D:8      | Reached XP level 10. HP: 57/58 MP: 14/19
  9175 | D:8      | Offered knowledge of Searing Ray by Vehumet.
  9239 | D:8      | Found a sparkling altar of Nemelex Xobeh.
  9511 | D:8      | Reached *** piety under Vehumet
 10300 | D:8      | Found an ancient bone altar of Kikubaaqudgha.
 10423 | D:8      | Offered knowledge of Inner Flame by Vehumet.
 10593 | D:9      | Found a staircase to the Orcish Mines.
 10612 | D:9      | Reached skill level 5 in Fighting
 10644 | D:9      | Reached **** piety under Vehumet
 10972 | D:9      | Offered knowledge of Mephitic Cloud by Vehumet.
 10984 | D:9      | Learned a level 3 spell: Mephitic Cloud
 10991 | D:9      | Noticed a two-headed ogre
 11013 | D:9      | Killed a two-headed ogre
 11118 | D:9      | Reached skill level 12 in Ice Magic
 11118 | D:9      | Reached XP level 11. HP: 40/64 MP: 19/21
 11131 | D:9      | Reached skill level 5 in Conjurations
 11589 | D:10     | Entered Level 10 of the Dungeon
 11710 | D:10     | Found a staircase to the Lair.
 11779 | D:10     | Noticed an orc knight
 11779 | D:10     | Noticed a deep elf knight
 11843 | D:10     | Got an ancient flail
 11843 | D:10     | Identified the cursed +1 flail of Laceration {protect,
                  | Str+7} (You found it on level 10 of the Dungeon)
 12202 | D:10     | Found Musyleur's Antique Armour Shop.
 12207 | D:10     | Bought an embroidered robe for 114 gold pieces
 12485 | Lair:1   | Entered Level 1 of the Lair of Beasts
 13294 | Lair:1   | Noticed a seven-headed hydra
 13312 | Lair:1   | Killed a seven-headed hydra
 13550 | Lair:1   | Noticed Erica
 13573 | Lair:1   | Killed Erica
 13573 | Lair:1   | Reached ***** piety under Vehumet
 13573 | Lair:1   | Offered knowledge of Airstrike by Vehumet.
 14077 | Lair:1   | Reached skill level 13 in Ice Magic
 14289 | Lair:2   | Noticed a five-headed hydra
 14302 | Lair:2   | Killed a five-headed hydra
 14302 | Lair:2   | Reached XP level 12. HP: 50/72 MP: 21/24
 14912 | Lair:2   | Found a transporter.
 15139 | Lair:2   | Noticed a death yak
 15139 | Lair:2   | Noticed a death yak
 15139 | Lair:2   | Noticed a death yak
 15158 | Lair:2   | Killed a death yak
 15161 | Lair:2   | Killed a death yak
 15367 | Lair:2   | Found a transporter.
 15376 | Lair:2   | Noticed destino's ghost (journeyman OpMo)
 15398 | Lair:2   | Noticed a death yak
 15399 | Lair:2   | Noticed a death yak
 15427 | Lair:2   | Killed a death yak
 15438 | Lair:2   | Killed a death yak
 15451 | Lair:2   | Killed a death yak
 15601 | Lair:2   | Noticed a queen ant
 15609 | Lair:2   | Killed a queen ant
 15661 | Lair:2   | Reached skill level 14 in Ice Magic
 16623 | Lair:3   | Reached XP level 13. HP: 58/80 MP: 25/25
 16831 | Lair:3   | Reached skill level 5 in Dodging
 17377 | Lair:3   | Found a staircase to the Swamp.
 17859 | Lair:3   | Offered knowledge of Bolt of Magma by Vehumet.
 19479 | Lair:4   | Noticed Sonja
 19675 | Lair:4   | Killed Sonja
 19925 | Lair:4   | Found a staircase to the Snake Pit.
 19941 | Lair:4   | Reached skill level 10 in Fighting
 20025 | Lair:4   | Reached skill level 15 in Ice Magic
 20775 | Lair:5   | Gained mutation: Your large and strong wings let you fly
                  | indefinitely. [Gargoyle growth]
 20775 | Lair:5   | Reached XP level 14. HP: 80/88 MP: 27/27
 20822 | Lair:5   | Reached skill level 10 in Conjurations
 21872 | Lair:5   | Found a runed translucent door.
 21873 | Lair:5   | Found a viscous altar of Jiyva.
 21873 | Lair:5   | Noticed an azure jelly
 21874 | Lair:5   | Noticed an azure jelly
 21874 | Lair:5   | Noticed an azure jelly
 21878 | Lair:5   | Noticed an azure jelly
 21980 | Lair:5   | Found a staircase to the Slime Pits.
 22216 | Lair:6   | Entered Level 6 of the Lair of Beasts
 22528 | Lair:6   | Reached skill level 10 in Spellcasting
 22561 | Lair:6   | Noticed Erymatos's ghost (journeyman MiBe)
 22855 | Lair:6   | Found a runed translucent door.
 24848 | Lair:6   | Noticed a dire elephant
 24859 | Lair:6   | Killed a dire elephant
 25004 | Lair:6   | Noticed a dire elephant
 25004 | Lair:6   | Noticed a dire elephant
 25017 | Lair:6   | Killed a dire elephant
 25021 | Lair:6   | Killed a dire elephant
 25088 | Lair:6   | Identified the Grimoire of Transmutation and Heat
 25278 | Orc:1    | Entered Level 1 of the Orcish Mines
 25379 | Orc:1    | Found a roughly hewn altar of Beogh.
 25379 | Orc:1    | Found a transporter.
 25558 | Orc:1    | Found a transporter.
 25617 | Orc:2    | Entered Level 2 of the Orcish Mines
 25648 | Orc:2    | Reached ****** piety under Vehumet
 25648 | Orc:2    | Offered knowledge of Spellforged Servitor by Vehumet.
 25652 | Orc:2    | Reached XP level 15. HP: 83/92 MP: 18/29
 25706 | Orc:1    | Noticed an orc warlord
 25742 | Orc:1    | Slain by an orc warrior

Illustrated notes

Levels and vault maps discovered:
D:1:      dpeg_arrival_simpleton_a, layout_basic, minmay_misc_feat_secret_circle
D:2:      layout_rooms, ebering_dispersal_statue_hall, trog_three_pillars_becter
D:3:      layout_loops_ring, nicolae_overflow_hidden_temple
D:4:      layout_loops_cross, amethyst_overflow_temple_binary,
          minmay_temple_entry_enclosed_plants, first_ration, okawaru_gym_becter,
          uniq_sigmund
D:5:      layout_layer_cave, lemuel_doored_altar, serial_shops,
          kennysheep_little_box
D:6:      layout_gridville
D:7:      layout_loops_ring, chequers_serial_rivers_small_a, grunt_livestock
D:8:      layout_gridville, kennysheep_vampire_church, basic_altar,
          serial_bayou_pond_d
D:9:      layout_cave_pools, kennysheep_orc_monster_closet_entryway
D:10:     layout_basic, erik_lair_orcish_takeover, serial_glass,
          glass_columns_a, glass_columns_c, serial_shops, shop,
          onia_ninara_dug_in_and_dangerous
Temple:   minmay_crystal_spiral_temple
Lair:1:   layout_regular_city, serial_forest, infiniplex_forest_clump_tiny,
          infiniplex_forest_straight_4, infiniplex_forest_straight_2,
          infiniplex_forest_lined_room_2, infiniplex_forest_lined_2,
          infiniplex_forest_lined_4_way, infiniplex_forest_zigzag_2,
          minivault_25, uniq_erica
Lair:2:   layout_regular_city, gammafunk_ghost_arena, zaba_antful_of_joy,
          grunt_megastairs_2
Lair:3:   regret_index_combs_of_tragedy, layout_regular_city, swamp_mist,
          chequers_serial_rivers_micro_e, wad_woods_road_05, lemuel_fruit_tree,
          grunt_megastairs_3, minmay_lair_oklob_chamber
Lair:4:   layout_regular_city, minmay_snake_entry_six_corridors, uniq_sonja
Lair:5:   layout_regular_city, slime_altar_2, chequers_serial_rivers_micro_c,
          infiniplex_staircase_pool, grunt_megastairs_4
Lair:6:   due_jungle_book, layout_regular_city, hellmonk_ghost_happy_afterlife,
          eino_small_chamber_without_monster
Orc:1:    gammafunk_beogh_shrine, layout_caves, basic_altar
Orc:2:    st_orc_ogre_mass, layout_caves, serial_shops, shop

Skill      XL: |  1  2  3  4  5  6  7  8  9 10 11 12 13 14 |
---------------+-------------------------------------------+-----
Ice Magic      | 5 6 7 8 10 11 12 13 14 15 | 15.7
Spellcasting   | 3 4 5 6 8 9 10 | 10.7
Fighting       | 2 4 5 7 8 10 | 10.0
Conjurations   | 2 4 6 8 9 12 | 12.4
Summonings     | 3 4 |  4.0
Dodging        | 3 4 6 7 |  7.6
Stealth        | |  2.1

Action                   |  1- 3 |  4- 6 |  7- 9 | 10-12 | 13-15 || total
-------------------------+-------+-------+-------+-------+-------++-------
Melee: Unarmed           |     3 |       |       |       |       ||     3
       Dagger            |    76 |    77 |   141 |       |       ||   294
       War axe           |       |       |     7 |       |       ||     7
       Staff             |       |       |    54 |   179 |   440 ||   673
 Fire: Hunting sling     |       |       |       |   160 |     6 ||   166
Throw: Dart              |       |       |    19 |       |       ||    19
       Javelin           |       |       |       |       |     1 ||     1
 Cast: Freeze            |    45 |    40 |    33 |    74 |   174 ||   366
       Frozen Ramparts   |       |    11 |    39 |    80 |    93 ||   223
       Summon Ice Beast  |       |       |     2 |     4 |    42 ||    48
       Mephitic Cloud    |       |       |       |     2 |     9 ||    11
       Hailstorm         |       |       |       |       |    33 ||    33
 Abil: Fly               |       |       |       |       |     1 ||     1
Evoke: Wand              |       |       |       |       |     1 ||     1
  Use: Scroll            |     5 |     1 |     8 |    12 |     4 ||    30
       Potion            |       |       |     1 |       |     3 ||     4
 Stab: Sleeping          |     2 |     2 |     2 |       |       ||     6
       Distracted        |       |       |       |       |     1 ||     1
  Eat: Chunk             |     3 |     8 |    14 |    20 |    22 ||    67
       Ration            |       |       |     1 |     2 |     2 ||     5
Armor: Robe              |    43 |    40 |   100 |   163 |   196 ||   542
       Skin              |       |     2 |       |       |       ||     2
Dodge: Dodged            |    88 |    75 |   134 |   259 |   354 ||   910
